 Dungeon Crawl Stone Soup version 0.21.0-3-g78d12a8 (webtiles) character file.

1103 MDvedh the Cleaver (level 8, -7/87 HPs)
             Began as a Human Berserker on Jan 8, 2018.
             Was an Elder of Trog.
             Mangled by komo4ek's ghost (18 damage)
             ... on level 6 of the Dungeon.
             The game lasted 00:07:01 (4892 turns).

MDvedh the Cleaver (Human Berserker)                Turns: 4892, Time: 00:07:02

Health: -7/87      AC: 14    Str: 24    XL:     8   Next: 58%
Magic:  8/8        EV:  7    Int:  8    God:    Trog [****..]
Gold:   172        SH:  0    Dex: 13    Spells: 7/7 levels left

rFire    + + .     SeeInvis .   a - +1 hand axe
rCold    . . .     Gourm    .   (no shield)
rNeg     . . .     Faith    .   f - +0 plate armour
rPois    .         Spirit   .   l - +0 helmet
rElec    .         Reflect  .   (no cloak)
rCorr    .         Harm     +   j - +1 pair of gloves of Untruth {rF++ Slay+5 Stlth-}
MR       .....                  (no boots)
Stlth    ..........             h - amulet of harm
HPRegen  0.24/turn              (no ring)
MPRegen  0.11/turn              (no ring)

@: berserking (expiring), about to teleport, very quick
A: no striking features
a: Berserk, Trog's Hand, Brothers in Arms, Burn Spellbooks, Renounce Religion


You were on level 6 of the Dungeon.
You worshipped Trog.
Trog was greatly pleased with you.
You were not hungry.

You visited 1 branch of the dungeon, and saw 6 of its levels.

You collected 172 gold pieces.

Inventory:

Hand Weapons
 a - a +1 hand axe (weapon)
Armour
 f - a +0 plate armour (worn)
 j - the +1 pair of gloves of Untruth (worn) {rF++ Slay+5 Stlth-}
   (You found it on level 4 of the Dungeon)

   It affects your accuracy and damage with ranged weapons and melee attacks
   (+5).
   It greatly protects you from fire.
   It makes you less stealthy.
 l - a +0 helmet (worn)
Jewellery
 h - an amulet of harm (around neck)
Wands
 t - a wand of disintegration (19)
Scrolls
 i - a scroll of identify
 k - 3 scrolls of teleportation
 n - 2 scrolls of remove curse
 p - a scroll of magic mapping
 q - a scroll of immolation {unknown}
 r - a scroll of enchant armour {unknown}
Potions
 b - a potion of lignification
 d - a potion of brilliance
 e - 2 potions of heal wounds {unknown}
 g - 2 potions of might {unknown}
 m - a potion of magic
 o - 2 potions of flight {unknown}
 s - 5 potions of curing
Comestibles
 c - 6 rations


   Skills:
 - Level 3.0 Fighting
 + Level 10.0 Axes
 - Level 2.0 Armour
 - Level 2.0 Dodging


You had 7 spell levels left.
You didn't know any spells.

Dungeon Overview and Level Annotations

Branches:
Dungeon (6/15)
 Temple: D:4-7

Altars:
Ashenzari
Fedhas
Qazlal
Trog

Annotations:
D:6 komo4ek's ghost, novice TrBe


Message History

Komo4ek's ghost is heavily damaged.
You barely miss the worker ant.
Komo4ek's ghost hits you but does no damage.
Space warps horribly around you!
* * * LOW HITPOINT WARNING * * *
The worker ant bites you but does no damage.
You barely miss komo4ek's ghost.
Komo4ek's ghost is heavily damaged.
You slash the worker ant!
You kill the worker ant!
Trog accepts your kill.
Unknown command.
You slash komo4ek's ghost!
Komo4ek's ghost is heavily damaged.
Komo4ek's ghost hits you but does no damage.
You feel strangely unstable.
You hit komo4ek's ghost.
Komo4ek's ghost is heavily damaged.
Komo4ek's ghost hits you!
You die...

# ##.... #. ....#
......# ##.#...#
#+##..#...#
#..#......# #
......#...######
##.#.##.##.)@.......#
.......<##)W#.#####.#
.##$..#.)))...# #..
#.##)...# ##
#.....?.# .....#..#
##.#####.# ... .>#
#.# #


You could see komo4ek's ghost.

Vanquished Creatures
  A sky beast (D:5)
  An ogre (D:4)
  A bullfrog (D:6)
  A centaur skeleton (D:5)
  6 orc priests
  4 hounds (D:5)
  A jelly (D:5)
  3 orc wizards
  4 worker ants
  Terence (D:2)
  Robin (D:2)
  7 gnolls
  7 adders
  A shadow imp (D:5)
  2 oozes
  5 worms
  5 dart slugs
  2 leopard geckos
  24 orcs
  10 giant cockroaches
  15 goblins
  9 hobgoblins
  2 jackals (D:4)
  A quokka (D:4)
  A ball python (D:2)
  5 bats
  4 frilled lizards
  10 kobolds
  8 rats
142 creatures vanquished.

Notes
Turn   | Place    | Note
-------+----------+-------------------------------------------
     0 | D:1      | MDvedh the Human Berserker began the quest for the Orb.
     0 | D:1      | Reached XP level 1. HP: 18/18 MP: 1/1
   370 | D:1      | Reached XP level 2. HP: 16/24 MP: 2/2
   879 | D:1      | Reached skill level 4 in Axes
   879 | D:1      | Reached XP level 3. HP: 28/29 MP: 3/3
   986 | D:1      | Reached ** piety under Trog
  1164 | D:2      | Reached XP level 4. HP: 24/35 MP: 4/4
  1165 | D:2      | Noticed Robin
  1176 | D:2      | Killed Robin
  1196 | D:2      | Noticed Terence
  1209 | D:2      | Reached skill level 5 in Axes
  1227 | D:2      | Killed Terence
  1227 | D:2      | Reached XP level 5. HP: 10/41 MP: 5/5
  2076 | D:2      | Found a blossoming altar of Fedhas.
  2128 | D:3      | Reached skill level 6 in Axes
  2357 | D:3      | Reached XP level 6. HP: 29/47 MP: 6/6
  2661 | D:3      | Reached *** piety under Trog
  3020 | D:4      | Reached skill level 7 in Axes
  3078 | D:4      | Found a shattered altar of Ashenzari.
  3130 | D:4      | Found a stormy altar of Qazlal.
  3157 | D:4      | Noticed an ogre
  3162 | D:4      | Killed an ogre
  3162 | D:4      | Reached XP level 7. HP: 52/52 MP: 7/7
  3835 | D:4      | Got a pair of transparent gloves
  3841 | D:4      | Identified the +1 pair of gloves of Untruth {rF++ Slay+5 Stlth-} (You found it on level 4 of the Dungeon)
  4017 | D:5      | Entered Level 5 of the Dungeon
  4023 | D:5      | Reached skill level 8 in Axes
  4242 | D:5      | Reached XP level 8. HP: 33/58 MP: 8/8
  4417 | D:5      | Found a bloodstained altar of Trog.
  4594 | D:5      | Reached skill level 9 in Axes
  4864 | D:6      | Received a gift from Trog
  4871 | D:6      | Noticed komo4ek's ghost (novice TrBe)
  4880 | D:6      | Reached **** piety under Trog
  4888 | D:6      | Reached skill level 10 in Axes
  4892 | D:6      | Mangled by komo4ek's ghost

Skill      XL: |  1  2  3  4  5  6  7  8 |
---------------+-------------------------+-----
Axes           | 4 5 6 7 8 10 | 10.0
Fighting       | |  3.0
Armour         | |  2.0
Dodging        | |  2.0

Action                   |  1- 3 |  4- 6 |  7- 9 || total
-------------------------+-------+-------+-------++-------
Melee: Hand axe          |    99 |   183 |   124 ||   406
Invok: Berserk           |     1 |     4 |     1 ||     6
       Trog's Hand       |       |     4 |       ||     4
       Burn Spellbooks   |       |     1 |       ||     1
  Use: Potion            |       |     1 |       ||     1
       Scroll            |       |    12 |       ||    12
  Eat: Chunk             |     1 |     8 |     4 ||    13
       Ration            |       |     1 |     1 ||     2
Armor: Leather armour    |    13 |       |       ||    13
       Chain mail        |    30 |   117 |       ||   147
       Plate armour      |       |     1 |    74 ||    75
Dodge: Dodged            |    47 |    80 |    43 ||   170
